 Dungeon Crawl Stone Soup version 0.27.1-3-gb3d3a73c9e (webtiles) character file.

Game seed: 3940633327997186066

59 BOMJPIETVODKU the Insei (level 3, -2/29 HPs)
             Began as a Demonspawn Monk on Oct 31, 2021.
             Slain by a kobold brigand (6 damage)
             ... in a sewer.
             The game lasted 00:05:03 (2831 turns).

BOMJPIETVODKU the Insei (Demonspawn Monk)           Turns: 2831, Time: 00:05:03

Health: -2/29      AC:  7    Str: 12 (14) XL:     3   Next: 78%
Magic:  3/3        EV: 11    Int: 10 (11) God:
Gold:   9          SH:  0    Dex: 13 (15) Spells: 2/2 levels left

rFire    . . .     SeeInvis .     - Unarmed
rCold    . . .     Faith    .   (no shield)
rNeg     . . .     Spirit   .   h - +0 ring mail
rPois    .         Reflect  .   (no helmet)
rElec    .         Harm     .   (no cloak)
rCorr    .         Rampage  .   (no gloves)
Will     .....                  (no boots)
Stlth    +.........             (no amulet)
HPRegen  0.09/turn              (no ring)
MPRegen  0.08/turn              (no ring)

@: flying
A: icy blue scales 1, powered by pain 1, strong 1, wild magic 1, no potion heal
1
a: no special abilities


You were in a sewer.
You visited 1 branch of the dungeon, and saw 3 of its levels.
You also visited: Sewer.

You collected 9 gold pieces.

Inventory:

Missiles
 b - 8 javelins (quivered)
 d - 20 poisoned darts
Armour
 h - a +0 ring mail (worn)
Jewellery
 l - a ring of fire
Wands
 n - a wand of polymorph (4)
Scrolls
 c - a scroll of teleportation
 k - a scroll of acquirement
Potions
 e - a potion of flight


   Skills:
 + Level 3.3 Fighting
 + Level 3.3 Dodging
 - Level 1.7 Stealth
 + Level 3.5 Unarmed Combat


You had 2 spell levels left.
You didn't know any spells.
Your spell library was empty.

Dungeon Overview and Level Annotations

Branches:
Dungeon (3/15)              Sewer (1/1)

Altars:


Innate Abilities, Weirdness & Mutations

You are partially covered in icy blue scales. (AC +2)
You sometimes gain a little power by taking damage.
Your muscles are strong. (Str +2)
Your spells are a little harder to cast, but a little more powerful.
Potions are less effective at restoring your health.


Message History

The kobold hits you with a +0 vampiric dagger.
The kobold brigand barely misses you.
The jackal bites you but does no damage.
You barely miss the kobold brigand.
The kobold hits you with a +0 vampiric dagger.
The jackal bites you but does no damage.
You hit the kobold brigand.
The kobold brigand is lightly wounded.
The kobold brigand hits you with a +0 dagger.
The jackal barely misses you. The kobold misses you.
You hit the kobold brigand but do no damage.
The kobold brigand is lightly wounded.
The jackal bites you. The kobold brigand closely misses you.
The kobold hits you but does no damage.
You hit the kobold brigand but do no damage.
The kobold brigand is lightly wounded.
The jackal closely misses you. The kobold brigand barely misses you.
The kobold hits you but does no damage.
The jackal splashes around in the water.
You barely miss the kobold brigand.
The kobold brigand is lightly wounded.
The kobold brigand hits you with a +0 dagger.
The kobold splashes around in the water.
The jackal barely misses you.
You closely miss the kobold brigand.
The kobold brigand is lightly wounded.
The jackal splashes around in the water.
The kobold brigand hits you with a +0 dagger!
* * * LOW HITPOINT WARNING * * *
The kobold splashes around in the water.
You closely miss the kobold brigand.
The kobold brigand is lightly wounded.
The jackal bites you but does no damage.
The kobold brigand hits you with a +0 dagger.
* * * LOW HITPOINT WARNING * * *
The kobold barely misses you.
Your system partially rejects the healing.
You feel better. The jackal closely misses you.
The kobold brigand hits you with a +0 dagger.
You die...

#≈# #≈# #≈# #≈# #≈# #≈#
#≈# ##≈#########
#######≈≈≈@K≈.≈≈.#
#######...≈.≈≈≈≈Kh≈≈≈.≈#
#≈≈≈≈≈≈≈≈≈≈≈≈≈≈≈≈≈≈≈≈≈.#
≈≈≈≈≈≈≈≈≈≈≈≈≈≈≈≈≈≈≈≈≈≈≈...
##≈≈≈≈≈≈≈≈≈≈≈≈≈≈≈≈≈≈≈≈≈#K.
######.....≈≈.≈.≈≈≈≈..# .
###.###..≈..≈....# #∩#
############ ###


You could see a kobold brigand, a jackal and a kobold.

Vanquished Creatures
  2 river rats (Sewer)
  A worm (D:3)
  2 endoplasms
  4 giant cockroaches
  4 hobgoblins
  A jackal (Sewer)
  5 kobolds
  3 quokkas
  4 ball pythons
  3 bats
  4 frilled lizards
  A goblin (D:1)
  3 rats
37 creatures vanquished.

Notes
Turn   | Place    | Note
-------+----------+-------------------------------------------
     0 | D:1      | BOMJPIETVODKU the Demonspawn Monk began the quest for the
                  | Orb.
     0 | D:1      | Reached XP level 1. HP: 18/18 MP: 1/1
   478 | D:1      | Found a faded altar of an unknown god.
   478 | D:1      | Noticed a floating eye
   486 | D:1      | Noticed a floating eye
   486 | D:1      | Noticed a great orb of eyes
   486 | D:1      | Noticed a floating eye
   613 | D:1      | Gained mutation: You are partially covered in icy blue
                  | scales. (AC +2) [demonic ancestry]
   613 | D:1      | Reached XP level 2. HP: 6/24 MP: 2/2
  1814 | D:2      | Gained mutation: You sometimes gain a little power by
                  | taking damage. [demonic ancestry]
  1814 | D:2      | Reached XP level 3. HP: 29/29 MP: 3/3
  2295 | D:3      | Found a glowing drain.
  2391 | Sewer    | Entered a sewer
  2753 | Sewer    | Identified a scroll of acquirement
  2796 | Sewer    | Noticed a kobold brigand
  2810 | Sewer    | Gained mutation: Your spells are a little harder to cast,
                  | but a little more powerful. [potion of mutation]
  2810 | Sewer    | Gained mutation: Your muscles are strong. (Str +2) [potion
                  | of mutation]
  2810 | Sewer    | Gained mutation: Potions are less effective at restoring
                  | your health. [potion of mutation]
  2830 | Sewer    | HP: 1/29 [kobold brigand (1)]
  2831 | Sewer    | Slain by a kobold brigand

Illustrated notes

Levels and vault maps discovered:
D:1:      ncdulo_lavacross, layout_rooms,
          hellmonk_ecumenical_altar_watching_god, roderic_roman_lattice
D:2:      layout_basic
D:3:      minmay_bubble_buster, layout_basic, cheibrodos_sewer_entry_bend,
          serial_bayou_crossing
Sewer:    sewer_kobolds

Skill      XL: |  1  2 |
---------------+-------+-----
Unarmed Combat | 3 |  3.5
Dodging        | 3 |  3.3
Fighting       | |  3.3
Stealth        | |  1.7

Action                   || total
-------------------------++-------
Melee: Unarmed           ||   183
       Punch             ||     1
  Use: Potion            ||     5
       Scroll            ||     4
 Stab: Sleeping          ||     2
Armor: Robe              ||    13
       Ring mail         ||    34
Dodge: Dodged            ||   148
